AoeStats
← Tian

Black Forest

509693588Analyzed
2v2 RM · 3d ago on Sep 27, 2026· 58m 12s· 4 players
Game mode
Random Map
Map size
Medium (4 player)
Population
200
Speed
Normal
Resources
Standard
Victory
Conquest
Starting age
Dark Age
Ending age
Imperial Age
RankedLock teamsTeams togetherTeam positionsShared explorationLock speedFull tech treeHidden civsTurbo modeCheats
Victory
Defeat
🇩🇪 Franks · Germany
936
+13
🇦🇷 Portuguese · Argentina
909
+14
🇸🇪 Malay · Sweden
878
-13
🇸🇪 Japanese · Sweden
869
-14
Tas biEn?
12:41 Feudal Age
13:41 Double-Bit Axe
14:53 Fishing Lines
17:40 Horse Collar
23:13 Castle Age
21:59 Gold Mining
22:00 Stone Mining
25:11 Wheelbarrow
25:38 Stone Shaft Mining
28:34 Imperial Age
26:48 Hand Cart
27:03 Bow Saw
27:07 Gillnets
27:46 Fortified Wall
28:16 Heavy Plow
30:26 Chemistry
29:59 Treadmill Crane
33:26 Heavy Plow
34:29 Two-Man Saw
34:06 Fletching
34:16 Padded Archer Armor
35:53 Crop Rotation
37:37 Forging
37:27 Scale Mail Armor
37:43 Leather Archer Armor
37:23 Bodkin Arrow
36:52 Elite Organ Gun
38:55 Pikeman
39:20 Gambesons
39:21 Arson
40:23 Halberdier
46:12 Circumnavigation
46:13 Arquebus
47:38 Iron Casting
47:18 Chain Mail Armor
47:34 Ring Archer Armor
48:33 Bracer
54:01 Blast Furnace
53:31 Plate Mail Armor
Chill
0:27 Loom
14:58 Feudal Age
15:55 Double-Bit Axe
18:14 Man-at-Arms
26:26 Castle Age
24:48 Gold Mining
25:04 Fishing Lines
26:03 Stone Mining
28:07 Wheelbarrow
28:14 Gold Shaft Mining
27:07 Crossbowman
27:46 Gillnets
29:18 Bow Saw
29:29 Town Watch
31:30 Fletching
31:41 Padded Archer Armor
32:45 Bodkin Arrow
33:05 Leather Archer Armor
34:34 Hand Cart
35:36 Squires
36:08 Ballistics
37:02 Husbandry
37:20 Caravan
42:08 Imperial Age
40:46 Fortified Wall
40:45 Pikeman
41:57 Forging
41:47 Scale Mail Armor
41:53 Scale Barding Armor
42:03 Leather Archer Armor
41:55 Arson
45:58 Chemistry
45:37 Iron Casting
45:18 Chain Mail Armor
45:23 Chain Barding Armor
45:35 Coinage
44:35 Halberdier
44:41 Cranequins
45:03 Long Swordsman
45:08 Heavy Scorpion
45:27 Cavalier
45:28 Light Cavalry
46:31 Sanctity
46:26 Masonry
45:50 Two-Handed Swordsman
47:44 Blast Furnace
48:29 Plate Mail Armor
48:34 Plate Barding Armor
47:34 Champion
47:59 Gambesons
50:35 Paladin
52:24 Banking
Tian
1:25 Loom
14:50 Feudal Age
15:19 Double-Bit Axe
17:52 Fishing Lines
23:19 Castle Age
22:56 Forging
22:45 Fletching
23:01 Gillnets
24:22 Bow Saw
24:55 Wheelbarrow
24:47 Town Watch
25:28 Caravan
27:00 Bodkin Arrow
29:25 Padded Archer Armor
32:17 Imperial Age
30:09 Stone Mining
30:10 Gold Mining
31:56 Gold Shaft Mining
31:56 Stone Shaft Mining
33:23 Scale Barding Armor
33:54 Iron Casting
33:51 Bracer
37:03 Blast Furnace
38:00 Husbandry
38:10 Elite Battle Elephant
42:15 Medium Warships
42:53 Conscription
46:05 Chemistry
49:59 Masonry
52:27 Ballistics
Brorbert
2:43 Loom
4:18 Loom
4:53 Loom
16:16 Feudal Age
18:50 Wheelbarrow
18:06 Town Watch
18:14 Arson
17:50 Man-at-Arms
19:14 Fishing Lines
21:41 Scale Mail Armor
21:47 Padded Archer Armor
21:42 Fletching
23:12 Horse Collar
25:48 Stone Mining
25:49 Double-Bit Axe
26:38 Gold Mining
31:04 Castle Age
32:22 Bow Saw
32:15 Heavy Plow
32:52 Gold Shaft Mining
33:31 Squires
34:42 Chain Mail Armor
34:28 Padded Archer Armor
34:23 Bodkin Arrow
34:40 Forging
35:21 Yasama
35:29 Thumb Ring
34:59 Elite Skirmisher
36:17 Pikeman
41:16 Imperial Age
39:08 Leather Archer Armor
39:28 Iron Casting
39:11 Hand Cart
41:23 Town Patrol
45:35 Conscription
45:51 Hoardings
44:37 Elite Samurai
45:39 Kataparuto
46:03 Plate Mail Armor
46:34 Blast Furnace
45:35 Bracer
46:05 Ring Archer Armor
51:35 Ring Archer Armor
51:48 Ballistics
55:55 Long Swordsman
56:21 Gambesons
Connection lost

Rejoining the realm…

Still unreachable

The connection could not be restored.

Session expired

The server has moved on; the page needs a fresh start.